[Event "Croatian Team Cup Final 2022"]
[Site "Vodice"]
[Date "2022.05.18"]
[Round "1.10"]
[White "Cvitan, Ognjen"]
[Black "Markovic, Franjo-Josip"]
[Result "1-0"]
[ECO "D87"]
[WhiteElo "2454"]
[BlackElo "2144"]
[Annotator "TA"]
[PlyCount "85"]
[EventDate "2022.05.18"]
[EventType "team-tourn"]
[EventCountry "CRO"]
[SourceTitle "playchess.com"]
[Source "ChessBase"]
[SourceQuality "1"]
[TimeControl "40/5400+30:1800+30"]

1. d4 Nf6 2. c4 g6 3. Nc3 d5 4. cxd5 Nxd5 5. e4 Nxc3 6. bxc3 Bg7 7. Bc4 c5 8. Ne2 Nc6 9. Be3 O-O 10. O-O Qc7 11. Rc1 b6 12. Qd2 {[%emt 0:10:03] 12.h4 gains popularity.} Bb7 {[%emt 0:00:59] D87: Exchange Grünfeld: Classical Line: Variations without ...cxd4.} 13. Bh6 Rad8 14. Bxg7 Kxg7 {[%emt 0:00:08] The position is equal.} 15. Qe3 e5 16. Bb5 Na5 ({Weaker is} 16... cxd4 17. cxd4 exd4 18. Nxd4 $1 Rxd4 19. Qxd4+ Nxd4 20. Rxc7 $18) 17. Ng3 Qe7 {[%emt 0:03:37][%cal Re5d4] [#]} 18. Rfd1 $146 ({Predecessor:} 18. dxe5 Qxe5 19. f4 Qd6 20. Rfd1 Qxd1+ 21. Rxd1 Rxd1+ 22. Kf2 Nc6 23. Bxc6 Bxc6 24. f5 {½-½ (30) Renet,O (2498)-Vachier Lagrave,M (2595) Aix les Bains 2007}) 18... a6 19. Be2 Rfe8 (19... exd4 $11 {keeps the balance.} 20. cxd4 cxd4 21. Rxd4 b5) 20. f3 (20. d5 $16) 20... b5 21. d5 {[%emt 0:05:37] c4 is the strong threat.} Bc8 (21... c4 $1 $11) 22. c4 $16 b4 {[%emt 0:01:56] [#]} 23. a3 $1 b3 24. Nf1 Qc7 25. Nd2 Bd7 26. Rb1 Ba4 27. Rb2 Rb8 28. Rdb1 Rb7 29. Bd1 Reb8 30. Qc3 ({Not} 30. Bxb3 $2 Bxb3 31. h4 Ba4 $19) 30... f6 31. h3 Qb6 (31... g5 $16 32. Bxb3 (32. Nxb3 Bxb3 33. Bxb3 h5 $16) 32... Bd7) 32. Kh2 {[%emt 0:00:41] Hoping for Bxb3.} h5 $2 {[%emt 0:00:46][%mdl 8192] [#] Black cannot hold the game after this.} (32... Qc7 $16 33. Bxb3 (33. Nxb3 Bxb3 34. Bxb3 h5 $16) 33... Bd7) 33. Bxb3 $1 $18 Bd7 {[%emt 0:13:36] [#]} (33... Bxb3 34. Nxb3 Nxb3) 34. Ba4 $1 {[%emt 0:02:19][%mdl 512] White is clearly winning.} Qc7 (34... Qd8 35. Bxd7) 35. Bxd7 Qxd7 36. Rxb7 Nxb7 37. Qb3 g5 38. Nf1 g4 39. fxg4 hxg4 40. Ng3 Kg6 41. Nf5 {[%emt 0:00:55] White wants to mate with Qg3.} Qh7 42. Qg3 Qh5 43. Ne7+ {[%emt 0:00:38] Weighted Error Value: White=0.15 (very precise) /Black=0.48} 1-0

[Event "Croatian Team Cup Final 2022"]
[Site "Vodice"]
[Date "2022.05.18"]
[Round "1.11"]
[White "Keetman, Maaike"]
[Black "Rogic, Davor"]
[Result "0-1"]
[ECO "C78"]
[WhiteElo "2160"]
[BlackElo "2457"]
[Annotator "TA"]
[PlyCount "66"]
[EventDate "2022.05.18"]
[EventType "team-tourn"]
[EventCountry "CRO"]
[SourceTitle "playchess.com"]
[Source "ChessBase"]
[SourceQuality "1"]
[TimeControl "40/5400+30:1800+30"]

1. e4 e5 2. Nf3 Nc6 3. Bb5 a6 4. Ba4 Nf6 5. d3 Bc5 6. c3 d6 7. O-O O-O 8. Bg5 {[%emt 0:02:49] C78: Ruy Lopez: Archangelsk and Möller Defences.} Ba7 9. Nbd2 Ne7 10. Bxf6 {[%emt 0:26:15] White is slightly better.} gxf6 11. Nh4 {[%emt 0:00:05] [#]} f5 $146 ({Predecessor:} 11... Ng6 12. Nf5 Bxf5 13. exf5 Ne7 14. Ne4 Kh8 15. Qh5 Qc8 16. g4 Rg8 17. Kh1 Nd5 18. Qxf7 Rxg4 19. Qxd5 Qxf5 20. Ng3 {1-0 (20) Nisipeanu,L (2661)-Bromberger,S (2492) Bad Wiessee 2012}) 12. Qh5 fxe4 13. Nxe4 f6 {[%emt 0:00:38] Against Ng5} (13... Kg7 $1 $14) 14. d4 $1 $18 exd4 (14... Kg7 {was called for.} 15. Ng3 Be6) 15. Rad1 (15. Bc2 $142 {[%cal Oe4g5] White wants to mate with Ng5!} Rf7 16. Rad1 (16. Bb3 d5 $14)) 15... d5 16. Ng3 ({Weaker is} 16. Bb3 c5 17. Nd2 Qe8 $11) (16. Rfe1 $1 $18 {and White stays clearly on top.}) 16... dxc3 $16 17. Rfe1 ({But not} 17. Bc2 $6 Rf7 $11) ({White should try} 17. bxc3 $16 {Threatens to win with Rfe1.} c6 18. Bc2) 17... cxb2 $11 18. Bc2 Rf7 19. Ne4 {[%emt 0:01:59] [#]} (19. Rb1 $11) 19... Be6 $1 $17 (19... h6 $2 20. Qxh6 Bxf2+ 21. Nxf2 $18) 20. Rd3 dxe4 21. Rxe4 {[%emt 0:00:23][%mdl 8192] [#]} (21. Rxd8+ $17 {was the crucial defense.} Rxd8 22. Bxe4) 21... Bxa2 $1 22. Rg4+ (22. Rxd8+ Rxd8) 22... Kh8 {[%emt 0:00:20] aiming for ...Qe8.} 23. Rxd8+ Rxd8 {[%emt 0:00:05] Dancing on a razor blade.} 24. h3 {[%emt 0:00:44] [#]} Bxf2+ $1 25. Kh2 Bd4 {[%emt 0:06:13] Strongly threatening ...Be5+.} 26. Nf3 {[%emt 0:00:28] [#] Prevents Be5+.} Be3 (26... Bc3 $1 $19 27. Ra4 Bd5) 27. Rh4 $2 (27. Ne5 $11 Rg7 28. Rxg7 Kxg7 29. Qxh7+ Kf8 30. Qh8+ Ng8 31. Ng6+ Ke8 32. Qh4) 27... f5 $19 {[%emt 0:01:10] ...Rg7 is the strong threat. Black is clearly winning.} 28. Rb4 Bc1 29. Ng5 (29. Rd4 $142 Rxd4 30. Nxd4) 29... Rg7 30. h4 b5 {[%emt 0:01:06] And now ...c5 would win.} 31. Qe2 Rd2 32. Qf3 Rxc2 33. Qa8+ Ng8 {[%emt 0:01:02] Never resign too early!  Weighted Error Value: White=1.11/Black=0.26 (precise)} 0-1

[Event "Croatian Team Cup Final 2022"]
[Site "Vodice"]
[Date "2022.05.18"]
[Round "1.12"]
[White "Armanda, Ivica"]
[Black "Ivekovic, Tihana"]
[Result "0-1"]
[ECO "C19"]
[WhiteElo "2236"]
[BlackElo "2083"]
[Annotator "TA"]
[PlyCount "96"]
[EventDate "2022.05.18"]
[EventType "team-tourn"]
[EventCountry "CRO"]
[SourceTitle "playchess.com"]
[Source "ChessBase"]
[SourceQuality "1"]
[TimeControl "40/5400+30:1800+30"]

1. e4 e6 2. d4 d5 3. Nc3 Bb4 4. e5 c5 5. a3 Bxc3+ 6. bxc3 Ne7 7. Nf3 Qa5 8. Bd2 Qa4 9. Bd3 c4 10. Be2 Nbc6 11. O-O Bd7 12. Bg5 {[%emt 0:04:06] C19: French: 3 Nc3 Bb4: Main line: 7 Nf3 and 7 a4.} O-O-O 13. Qd2 h6 14. Bxe7 {[%emt 0:01:59] Black has an edge.} Nxe7 15. Rfb1 Nc6 {[%emt 0:04:11] [#]} 16. h4 $146 ({Predecessor:} 16. Qc1 Kb8 17. Qb2 Bc8 18. Nd2 Ka8 19. Nb3 cxb3 20. cxb3 Qa5 21. a4 Bd7 22. b4 {0-1 (51) Subramaniam,S (2117)-Iskandar,B (1956) Kuala Lumpur 2011}) 16... Rdf8 17. h5 g6 18. Nh2 gxh5 19. Bxh5 f5 {[%emt 0:00:22] Prevents Ng4.} 20. exf6 $1 Rxf6 21. Re1 Rf5 22. Bg4 Rf6 23. Bh3 h5 24. Re2 Rg8 25. Kh1 Ne7 26. Rae1 Qxa3 (26... Nf5 {with more complications.} 27. Nf3 Qxa3 28. Ne5 Qe7) 27. Bxe6 Bxe6 28. Rxe6 Rxe6 29. Rxe6 Nc6 30. Nf3 Qf8 $1 31. Qe3 Qf5 32. Nh4 Qg4 (32... Qxc2 {[#]} 33. Rxc6+ $1 bxc6 34. Qe6+ Kb7 35. Qxg8 $16) 33. g3 Kd7 (33... Qh3+ $11 34. Kg1 Qxh4 35. Rxc6+ bxc6 36. Qe6+ Kc7 37. Qf7+ Kb6 38. Qxg8 Qe7) 34. Rh6 (34. Rf6 $1 $14) 34... Re8 $40 {[%emt 0:02:53][%mdl 128] Black attacks. Chess con chili.} 35. Rh7+ $2 (35. Qc1 $11) 35... Kd8 $19 36. Qxe8+ Kxe8 37. Rxb7 Qe4+ 38. Kg1 Qxc2 39. Rc7 Ne7 40. Nf3 a5 41. Ra7 Qxc3 42. Ne5 Nf5 43. Ra8+ Ke7 44. Ra7+ Ke6 45. Ra6+ Nd6 {[%emt 0:00:34] [#] And now ...Qa1+ would win.} 46. Nc6 Qe1+ 47. Kg2 c3 (47... Ne4 $142 48. Ne5+ Kf5 49. g4+ Kf4 50. Ng6+ Kg5 51. f4+ Kxg4 52. Ne5+ Kxf4 53. Rg6 a4 54. Kh2 Qh4+ 55. Kg2 Qf2+ 56. Kh3 Ng5+ 57. Rxg5 Kxg5 58. Ng6 Qf3+ 59. Kh2 Kxg6 60. Kg1 h4 61. Kh2 h3 62. Kg1 Qg2#) 48. Ra7 Ne4 {[%emt 0:00:37] Weighted Error Value: White=0.74/Black=0.15 (very precise)} 0-1

[Event "Croatian Team Cup Final 2022"]
[Site "Vodice"]
[Date "2022.05.18"]
[Round "1.13"]
[White "Saric, Ante"]
[Black "Lisjak, Zlatko"]
[Result "1-0"]
[ECO "A05"]
[WhiteElo "2510"]
[BlackElo "2229"]
[Annotator "TA"]
[PlyCount "57"]
[EventDate "2022.05.18"]
[EventType "team-tourn"]
[EventCountry "CRO"]
[SourceTitle "playchess.com"]
[Source "ChessBase"]
[SourceQuality "1"]
[TimeControl "40/5400+30:1800+30"]

1. Nf3 Nf6 2. g3 g6 3. b3 Bg7 4. Bb2 O-O 5. Bg2 a5 6. c4 {[%emt 0:03:19] A05: Réti Opening: 1 Nf3 Nf6.} d6 7. d4 Nbd7 8. O-O {[%emt 0:01:07] White has an edge.} e5 9. dxe5 Ng4 10. Nc3 dxe5 11. h3 (11. Qd2 {is more complex.} Re8 12. Ng5 Ngf6 13. Rad1) 11... Nh6 {[%emt 0:02:53][%cal Oe5e4] [#]} 12. Qc2 $146 {[%emt 0:05:18] White stays focused until the end.} ({Predecessor:} 12. e4 f5 13. exf5 gxf5 14. Nb5 Ra6 15. Re1 Nf7 16. Nh4 f4 17. Nf5 fxg3 18. fxg3 {1-0 (26) Chernyshov,K (2445)-Korolev,A Decin 1997}) 12... f6 13. Rfd1 Nf7 14. c5 {[%emt 0:03:35] White is much more active. The black rooks are badly placed.} f5 15. e4 Ra6 (15... f4 $16 {was called for.}) 16. exf5 $18 gxf5 17. Nh4 $36 {[%emt 0:03:34][%mdl 2048] White is in control.} ({But not} 17. Qxf5 $6 Nxc5 18. Qc2 (18. Rxd8 Bxf5 19. Rxf8+ Bxf8 $14) 18... Rd6 $16) 17... f4 18. Nf5 fxg3 19. fxg3 Rg6 20. Ne4 Qe8 21. Nxg7 Kxg7 22. Qd2 b6 (22... a4 {is a better defense.} 23. bxa4 Nf6 24. Nxf6 (24. g4 Qxa4 25. Nxf6 Rxf6 $16) 24... Rxf6) 23. cxb6 cxb6 24. Rac1 Nf6 $2 (24... Nc5 {might work better.}) 25. Nxf6 Rxf6 26. Rc7 {[%emt 0:01:12] Prevents Qe7.} Kg8 27. Qe3 {[%emt 0:03:22] [#] aiming for Ba3.} Be6 $2 (27... b5 28. g4 Be6) 28. Ba3 {[%emt 0:04:10] This bishop pair is nice.} Qb8 29. Rb7 {[%emt 0:00:24] Weighted Error Value: White=0.14 (very precise) /Black=0.52} 1-0

[Event "Croatian Team Cup Final 2022"]
[Site "Vodice"]
[Date "2022.05.18"]
[Round "1.14"]
[White "Novak, Ratko"]
[Black "Plenca, Julijan"]
[Result "0-1"]
[ECO "A84"]
[WhiteElo "2111"]
[BlackElo "2443"]
[Annotator "TA"]
[PlyCount "96"]
[EventDate "2022.05.18"]
[EventType "team-tourn"]
[EventCountry "CRO"]
[SourceTitle "playchess.com"]
[Source "ChessBase"]
[SourceQuality "1"]
[TimeControl "40/5400+30:1800+30"]

1. d4 g6 2. c4 f5 3. e4 fxe4 4. Nc3 Nf6 5. Bg5 Bg7 6. h4 {[%emt 0:06:16][%cal Oh4h5] [#] A84: Dutch Defence: 2 c4 Miscellaneous.} c6 $146 ({Predecessor:} 6... h6 7. Be3 d5 8. cxd5 c6 9. dxc6 Nxc6 10. Qd2 Qa5 11. Bb5 Bd7 12. Nge2 Rd8 {0-1 (32) Fos Santacreu,J (2303)-Serrano Felipe,R (2075) La Pobla de Vallbona 2004}) 7. h5 ({Much weaker is} 7. Bxf6 Bxf6 8. h5 (8. Nxe4 Qa5+ 9. Nc3 c5 $15) 8... d5 $15) 7... Qa5 8. Qd2 {[%emt 0:02:18] White has an edge.} Nxh5 {[%emt 0:01:31] [#]} 9. Rxh5 $1 gxh5 10. Be2 O-O 11. c5 $2 (11. Bxe7 $15 Re8 12. Bd6) 11... d5 $19 {[%emt 0:03:10] ...Qc7 is the strong threat.} 12. Bxe7 Rf5 13. Bd6 (13. f3 {is a better defense.}) 13... Qd8 14. Nh3 (14. f3 $142) 14... Qf6 15. g4 hxg4 16. Bxg4 Qxd4 17. Qe2 $2 (17. Qxd4 {might work better.} Bxd4 18. Ne2) 17... Na6 18. Bxf5 Bxf5 19. Nf4 Nxc5 {[%emt 0:00:54] Threatens to win with ...Nd3+.} 20. Qh5 {[%emt 0:04:30] [#]} e3 $1 {[%emt 0:01:49] ( -> ...Qd2+)} 21. Rd1 {[%emt 0:06:28] Inhibits Qd2+.} exf2+ 22. Kf1 Qc4+ 23. Kg2 Be4+ 24. Kxf2 Qb4 ({Inferior is} 24... Bxc3 25. bxc3 Qxc3 26. Nxd5 Qb2+ 27. Ke3 $17) 25. Nce2 Bg6 26. Nxg6 hxg6 27. Qxg6 Ne4+ 28. Kg2 Nxd6 29. Qe6+ Nf7 30. Ng3 Qxb2+ 31. Kh1 Qe5 32. Qg4 Qg5 33. Qh3 Re8 {[%emt 0:00:38] aiming for ...Re3.} 34. Nf5 {[%emt 0:00:39] Prevents Re3.} Re5 35. Rf1 Qg6 {[%emt 0:01:48] And now ...c5 would win.} 36. Nxg7 Kxg7 {[%emt 0:00:26] Black mates.} 37. Rg1 Rg5 38. Rxg5 Qxg5 39. Qd7 Qh6+ 40. Kg2 Qd6 41. Qxb7 d4 42. Qxa7 d3 43. Qa4 d2 44. Qd1 Qd3 45. Kf2 Ne5 46. a4 Qd4+ 47. Ke2 Nc4 48. a5 Qg4+ {[%emt 0:00:27] White did not feel at home in the position after the opening.  Weighted Error Value: White=0.67/Black=0.22 (precise)} 0-1

[Event "Croatian Team Cup Final 2022"]
[Site "Vodice"]
[Date "2022.05.18"]
[Round "1.15"]
[White "Plenca, Jadranko"]
[Black "Spiranec, Noemi"]
[Result "1-0"]
[ECO "B40"]
[WhiteElo "2443"]
[BlackElo "2044"]
[Annotator "TA"]
[PlyCount "75"]
[EventDate "2022.05.18"]
[EventType "team-tourn"]
[EventCountry "CRO"]
[SourceTitle "playchess.com"]
[Source "ChessBase"]
[SourceQuality "1"]
[TimeControl "40/5400+30:1800+30"]

1. e4 c5 2. Nf3 e6 3. g3 d5 4. exd5 exd5 5. d4 Nf6 6. Bg2 {[%emt 0:03:38] B40: Sicilian: 2...e6, Unusual lines.} Be7 (6... Bg4 {seems wilder.} 7. O-O cxd4 8. Bg5 Be7) 7. O-O O-O 8. dxc5 $1 {[%emt 0:04:10] The position is equal. The main line 8.dxc5 scores better than 8.Nc3.} Bxc5 9. Nbd2 Bf5 10. Nb3 {[%emt 0:02:43] [#]} Be7 $146 ({Predecessor:} 10... Bb6 11. c3 Nc6 12. Nbd4 Be4 13. Be3 h6 14. Re1 Na5 15. Nd2 Bxg2 16. Kxg2 Nc6 {½-½ (60) Abbas,D (2279)-Sowray,P (2321) Wakefield 2016}) 11. Be3 Qc8 12. Nfd4 Bh3 13. Re1 Bxg2 14. Kxg2 Nc6 15. Bg5 {[%emt 0:01:59] Strongly threatening Nxc6.} Re8 16. Qf3 Ne4 17. Bxe7 Nxe7 18. h4 Ng6 19. Re2 Ne5 20. Qf5 Nc4 21. Qxd5 ({White should try} 21. c3 $14) 21... Ned6 $2 (21... Re5 $11 22. Nf5 (22. Qxe5 Nxe5 23. Rxe4 Nc4 $15) 22... Rxd5 23. Ne7+ Kf8 24. Nxc8 Re5) 22. Rae1 $16 {[%emt 0:01:54] White is more active. White stays focused until the end.} Rd8 {[%emt 0:04:13] [#]} (22... Rxe2 $16 {was called for.} 23. Rxe2 Qc7) 23. Re7 $1 $18 Nb6 24. Qf3 {[%emt 0:00:45][%cal Od4b5] Threatens to win with Nb5!} Qc4 {[%emt 0:01:04] Prevents Nb5.} (24... Rd7 $142 25. R7e2 h6) 25. Nf5 Nxf5 26. Qxf5 Qc6+ 27. Kg1 Rf8 28. c3 {[%emt 0:01:50] And now Nd4 would win.} Nd5 29. R7e5 Nf6 30. Nd4 Qc4 31. a3 Rac8 (31... Qc7 {keeps fighting.} 32. Re7 Qb6) 32. Re7 Rc7 33. Qb5 Qxb5 34. Nxb5 Rxe7 35. Rxe7 a6 {[%emt 0:00:03] [#]} 36. Nd6 ({Not} 36. Rxb7 axb5 37. Rxb5 Rc8 $11) 36... b6 37. Rb7 Nd5 (37... b5 {was worth a try.} 38. Ra7 Ne8) 38. c4 {[%emt 0:00:13] Weighted Error Value: White=0.18 (very precise) /Black=0.32} 1-0

[Event "Croatian Team Cup Final 2022"]
[Site "Vodice"]
[Date "2022.05.18"]
[Round "1.16"]
[White "Mladenovic, Velisa"]
[Black "Saric, Luka"]
[Result "1-0"]
[ECO "A48"]
[WhiteElo "2070"]
[BlackElo "2169"]
[Annotator "TA"]
[PlyCount "97"]
[EventDate "2022.05.18"]
[EventType "team-tourn"]
[EventCountry "CRO"]
[SourceTitle "playchess.com"]
[Source "ChessBase"]
[SourceQuality "1"]
[TimeControl "40/5400+30:1800+30"]

1. d4 Nf6 2. Bf4 c5 3. c3 b6 4. Nf3 g6 5. Nbd2 Bb7 6. Qc2 {[%emt 0:04:22] A48: 1 d4 Nf6 2 Nf3 g6: Torre, London and Colle Systems.} Bg7 7. e4 O-O {[%emt 0:01:29] [#]} 8. Bc4 $146 (8. dxc5 $11 bxc5 9. Bd3) ({Predecessor:} 8. dxc5 bxc5 9. Bc4 Nc6 10. O-O Na5 11. Bd3 Rc8 12. Rfe1 c4 13. Bf1 d5 14. exd5 Nxd5 {½-½ (77) Kotlar,A (1949)-Bakhmatov,E (2239) Essen 2002}) 8... cxd4 $17 9. Nxd4 d5 10. Bd3 {[%emt 0:09:10] [#]} (10. exd5 $15 Nxd5 11. Bg5) 10... dxe4 $1 $19 11. Nxe4 {[%emt 0:02:23] [#]} Qd5 (11... e5 $1 $17 12. Bxe5 Nxe4 13. Bxe4 Bxe4 14. Qxe4 Nd7) 12. Bxb8 (12. f3 $15) 12... Nxe4 13. Bxe4 Qxe4+ 14. Qxe4 Bxe4 {[%emt 0:00:05] A strong pair of Bishops.} 15. f3 Bxf3 (15... Raxb8 16. fxe4 Rfc8 17. Nb3 $15) 16. Nxf3 Raxb8 17. O-O-O Rb7 {[%emt 0:04:36] Prevents Rd7.} 18. Rhe1 Re8 19. Kc2 e5 20. Rd5 e4 (20... f5 $142 21. g3 (21. Nxe5 $2 Rbe7 $19) 21... e4) 21. Nd4 f5 22. a4 Bxd4 23. Rxd4 {[%emt 0:01:29][%mdl 4096] Endgame KRR-KRR} Kf7 24. b4 (24. Red1 $17) 24... Rc7 25. c4 Kf6 26. Kc3 Kg5 27. Rd5 Rec8 $2 ({Better is} 27... Kg4 $19 {aiming for ...f4.} 28. Kd4 f4) 28. Rxe4 $1 $14 Kf6 29. Rd6+ Kf7 30. Red4 Ke7 31. R6d5 Ke6 32. a5 {[%emt 0:00:35] Black must now prevent axb6.} Ke7 33. axb6 axb6 34. Re5+ Kf6 35. Red5 {[%emt 0:03:19] And now Rd6+ would win. White is more active.} Ke7 36. b5 Ra8 37. Rd6 Rb8 (37... Rb7 $16) 38. Kb4 $18 Rcb7 39. h4 Rc7 (39... Ra8 $16 {is a better defense.}) 40. h5 g5 (40... gxh5 {might work better.} 41. Rh6 Ke8) 41. Rh6 Ke8 42. Rdd6 Rbc8 $2 (42... Rcb7 43. Rhe6+ Kf8 44. Rf6+ Kg8 45. Rxf5 Rg7) 43. Rc6 Rxc6 44. bxc6 {[%emt 0:00:15][%cal Bb5c6,Bc6c7][%mdl 32] Threatens to win with Kb5. KR-KR} Rc7 45. Kb5 Kd8 46. Rf6 f4 47. Kxb6 {[%emt 0:00:33] White mates.} Rg7 48. Rf8+ Ke7 49. c7 {[%emt 0:00:23] White used his chance.  Weighted Error Value: White=0.25 (precise) /Black=0.61} 1-0

[Event "Croatian Team Cup Final 2022"]
[Site "Vodice"]
[Date "2022.05.18"]
[Round "1.17"]
[White "Grandic, Zvjezdan"]
[Black "Lalic, Bogdan"]
[Result "0-1"]
[ECO "B22"]
[WhiteElo "2121"]
[BlackElo "2411"]
[Annotator "TA"]
[PlyCount "44"]
[EventDate "2022.05.18"]
[EventType "team-tourn"]
[EventCountry "CRO"]
[SourceTitle "playchess.com"]
[Source "ChessBase"]
[SourceQuality "1"]
[TimeControl "40/5400+30:1800+30"]

1. e4 c6 2. c4 d5 3. cxd5 cxd5 4. e5 Nc6 5. d4 Bf5 6. Nc3 e6 7. Be3 {[%emt 0:01:43] B22: Sicilian: 2 c3.} Nge7 {[%emt 0:00:39] [#]} 8. g4 $146 ({Predecessor:} 8. Rc1 h5 9. Nb5 Nc8 10. Bd3 Bb4+ 11. Kf1 Bxd3+ 12. Qxd3 a6 13. Nc3 Nb6 14. h4 Qd7 {1-0 (31) Mallik,A (1906)-Uddin,S (2075) Dhaka 2016}) 8... Bg6 9. Bd3 (9. Be2 $1 $11) 9... Bxd3 10. Qxd3 h5 11. g5 Nf5 12. g6 (12. Nf3 $15) 12... fxg6 13. Nf3 {[%emt 0:00:17] [#]} Bb4 (13... Be7 $1 $17 {And now ...0-0 would win.} 14. Rg1 O-O 15. Rxg6 Qe8) 14. Rg1 $15 Bxc3+ 15. bxc3 Nce7 16. Bc1 (16. Qb5+ $11 {remains equal.} Qd7 17. Qxd7+ Kxd7 18. Rb1) 16... Rc8 $17 17. Ba3 Rc6 18. Bd6 (18. Kf1 $17) 18... O-O 19. Bxe7 (19. Bc5 $17 {keeps fighting.}) 19... Qxe7 $19 ({Avoid the trap} 19... Nxe7 $2 20. Rc1) 20. Rxg6 $2 {[%emt 0:02:08] [#]} (20. a4) 20... Qa3 {[%emt 0:00:06] Black is clearly winning.} 21. Ng5 Rxc3 22. Qd1 Qb4 {[%emt 0:05:48] Weighted Error Value: White=0.83/Black=0.08 (flawless)} 0-1

[Event "Croatian Team Cup Final 2022"]
[Site "Vodice"]
[Date "2022.05.18"]
[Round "1.18"]
[White "Zaja, Ivan"]
[Black "Matic, Zeljko"]
[Result "1-0"]
[ECO "B06"]
[WhiteElo "2449"]
[BlackElo "2152"]
[Annotator "TA"]
[PlyCount "45"]
[EventDate "2022.05.18"]
[EventType "team-tourn"]
[EventCountry "CRO"]
[SourceTitle "playchess.com"]
[Source "ChessBase"]
[SourceQuality "1"]
[TimeControl "40/5400+30:1800+30"]

1. d4 g6 2. e4 Bg7 3. Nc3 d6 4. Be3 a6 5. g4 b5 6. Bg2 {[%emt 0:01:03][%cal Oe4e5] B06: Modern Defence.} Bb7 7. h4 h5 (7... Nd7 $14) 8. gxh5 $16 {[%emt 0:17:29] White is better.} Rxh5 {[%emt 0:00:21] [#]} 9. Nf3 $146 ({Predecessor:} 9. Nge2 Nf6 10. Ng3 Rh7 11. h5 b4 12. Nd5 Bxd5 13. exd5 gxh5 14. Nxh5 Rxh5 15. Rxh5 Nxh5 16. Qxh5 {1-0 (28) Indjic,A (2604)-Hess,R (2591) Chess.com INT 2022}) 9... b4 ({Black should play} 9... c5) 10. Nd5 (10. Ne2 $1 $16) 10... Bxd5 (10... Nf6 $14 {was preferrable.}) 11. exd5 Nf6 (11... c5 $142) 12. Ng5 Nbd7 13. Bf3 Rh8 14. Qd3 {[%emt 0:05:07][%cal Og5e6] And now Ne6! would win.} Qb8 15. c4 {[%emt 0:28:31] Inhibits Qb5. White is more active.} bxc3 16. bxc3 ({Much weaker is} 16. Qxc3 Qb7 $15) 16... Qb5 {[%emt 0:15:41] [#]} ({Better is} 16... Qc8) 17. c4 $1 Qa5+ ({Less strong is} 17... Qb2 18. O-O Qb8 19. Rab1 $16) (17... Qb7 $16 18. Rb1 Qc8) 18. Bd2 Qb6 19. Rb1 $36 {[%emt 0:00:56][%mdl 2048] Keeping Black busy.} Qa7 20. Kf1 Rb8 {[%emt 0:06:03] [#]} (20... a5 {was worth a try.} 21. Rb5 Nh5) 21. Re1 $1 $18 Nh5 22. Bc3 {[%emt 0:04:30] aiming for Qe4. This bishop pair is nice.} Ndf6 {[%emt 0:02:16] Inhibits Qe4.} 23. Qe3 {[%emt 0:01:18] Weighted Error Value: White=0.11 (very precise) /Black=0.26 (precise)} 1-0